TOP OF THE 1ST |
Cleveland (APP) Indians batting - Pitching for Boston (APP) Red Sox : RHP Su-wu Yang
|
Pitching: RHP Su-wu Yang
|
|
Batting: RHB Kenzo Shinoda
|
0-0: Called Strike 0-1: Foul Ball, location: 2F 0-2: Strikes out swinging
|
Batting: RHB Steve Gusman
|
0-0: Ball 1-0: Ground out 5-3 (Groundball, 56, EV 90.6 MPH)
|
Batting: LHB Dave Key
|
0-0: Called Strike 0-1: Ball 1-1: Foul Ball, location: 2F 1-2: Ball 2-2: Foul Ball, location: 2F 2-2: Ball 3-2: Base on Balls
|
Batting: LHB Jeff Palmowski
|
0-0: Ball Pickoff Play to 1st, Runner tries for 2nd, OUT after rundown.
|
Top of the 1st over - 0 runs, 0 hits, 0 errors, 0 left on base; Cleveland (APP) 0 - Boston (APP) 0 |
BOTTOM OF THE 1ST |
Boston (APP) Red Sox batting - Pitching for Cleveland (APP) Indians : RHP Tom Frost
|
Pitching: RHP Tom Frost
|
|
Batting: RHB Tony Nunez
|
0-0: SOLO HOME RUN (Flyball, 7D, EV 97.5 MPH), Distance : 385 ft
|
Batting: SHB Salvador Padilla
|
0-0: Fly out, F7 (Flyball, 78M, EV 83.1 MPH)
|
Batting: LHB Carlos Guerra
|
0-0: Ball 1-0: Ball 2-0: Ball 3-0: Called Strike 3-1: Base on Balls
|
Batting: RHB Dave Burwell
|
0-0: Swinging Strike 0-1: Ball 1-1: Foul Ball, location: 2F 1-2: Ball 2-2: Ball 3-2: DOUBLE (Flyball, 89D, EV 100.0 MPH) Carlos Guerra to third
|
Batting: RHB Alex Melendez
|
0-0: Ball 1-0: Ball 2-0: Ball 3-0: Called Strike 3-1: Foul Ball, location: 2F 3-2: Ground out 5-3 (Groundball, 56, EV 103.8 MPH) Carlos Guerra scores
|
Batting: RHB Aukukero Tairi
|
0-0: Ball 1-0: Ball 2-0: Ball 3-0: Base on Balls
|
Batting: RHB Miguel Villanueva
|
0-0: Ball 1-0: Ball 2-0: Ball Wild Pitch! Dave Burwell to third Aukukero Tairi to second 3-0: Base on Balls
|
Batting: RHB Tony Gallegos
|
0-0: Foul Ball, location: 2F 0-1: Ground out 1-3 (Groundball, 13, EV 69.4 MPH)
|
Bottom of the 1st over - 2 runs, 2 hits, 0 errors, 3 left on base; Cleveland (APP) 0 - Boston (APP) 2 |
TOP OF THE 2ND |
Cleveland (APP) Indians batting - Pitching for Boston (APP) Red Sox : RHP Su-wu Yang
|
Batting: LHB Jeff Palmowski
|
0-0: DOUBLE (Line Drive, 7LS, EV 105.6 MPH)
|
Batting: RHB John Bianconi
|
0-0: Called Strike 0-1: Ball 1-1: Ball 2-1: Ball 3-1: Base on Balls
|
Batting: LHB Danny Moreno
|
0-0: Ball 1-0: Swinging Strike 1-1: Foul Ball, location: 2F 1-2: Hit by Pitch Jeff Palmowski to third John Bianconi to second
|
Batting: RHB Anibal Casteles
|
0-0: Ball 1-0: Foul Ball, location: 2F 1-1: Fly out, F9 (Flyball, 9LD, EV 99.4 MPH) Runner from 3rd tags up, SCORES, no throw by RF John Bianconi to third
|
Batting: LHB Esteban Cordova
|
0-0: Foul Ball, location: 2F 0-1: Foul Ball, location: 2F 0-2: Ball 1-2: Ball 2-2: Strikes out swinging
|
Batting: SHB Javon Mitchell
|
0-0: Swinging Strike 0-1: Ball Pickoff Throw to First - Error! E1 John Bianconi scores Danny Moreno to second 1-1: Swinging Strike 1-2: Ball 2-2: Ball 3-2: 2-RUN HOME RUN (Flyball, 9D, EV 96.9 MPH), Distance : 361 ft
|
Batting: RHB Kenzo Shinoda
|
0-0: Swinging Strike 0-1: Foul Ball, location: 2F 0-2: Ball 1-2: Ball 2-2: Strikes out looking
|
Top of the 2nd over - 4 runs, 2 hits, 1 error, 0 left on base; Cleveland (APP) 4 - Boston (APP) 2 |
BOTTOM OF THE 2ND |
Boston (APP) Red Sox batting - Pitching for Cleveland (APP) Indians : RHP Tom Frost
|
Batting: RHB Mario Arriero
|
0-0: Ball 1-0: Called Strike 1-1: SOLO HOME RUN (Flyball, 9D, EV 93.8 MPH), Distance : 366 ft
|
Batting: RHB Tony Nunez
|
0-0: Swinging Strike 0-1: Foul Ball, location: 2F 0-2: Ball 1-2: Strikes out swinging
|
Batting: SHB Salvador Padilla
|
0-0: Ball 1-0: Called Strike 1-1: Called Strike 1-2: Strikes out swinging
|
Batting: LHB Carlos Guerra
|
0-0: Ball 1-0: Ball 2-0: Ball 3-0: Called Strike 3-1: Base on Balls
|
Batting: RHB Dave Burwell
|
0-0: Called Strike Carlos Guerra steals 2nd base 0-1: Ball 1-1: Called Strike 1-2: Ball 2-2: Strikes out looking
|
Bottom of the 2nd over - 1 run, 1 hit, 0 errors, 1 left on base; Cleveland (APP) 4 - Boston (APP) 3 |
TOP OF THE 3RD |
Cleveland (APP) Indians batting - Pitching for Boston (APP) Red Sox : RHP Su-wu Yang
|
Batting: RHB Steve Gusman
|
0-0: Called Strike 0-1: Ball 1-1: Foul Ball, location: 2F 1-2: Ball 2-2: Foul Ball, location: 2F 2-2: Strikes out looking
|
Batting: LHB Dave Key
|
0-0: Called Strike 0-1: Ball 1-1: Foul Ball, location: 2F 1-2: Ball 2-2: Ball 3-2: Foul Ball, location: 2F 3-2: Fly out, F8 (Flyball, 78M, EV 74.4 MPH)
|
Batting: LHB Jeff Palmowski
|
0-0: Ball 1-0: Foul Ball, location: 2F 1-1: Ball 2-1: Ground out 6-3 (Groundball, 6, EV 83.8 MPH)
|
Top of the 3rd over - 0 runs, 0 hits, 0 errors, 0 left on base; Cleveland (APP) 4 - Boston (APP) 3 |
BOTTOM OF THE 3RD |
Boston (APP) Red Sox batting - Pitching for Cleveland (APP) Indians : RHP Tom Frost
|
Batting: RHB Alex Melendez
|
0-0: Ground out 5-3 (Groundball, 56S, EV 70.0 MPH)
|
Batting: RHB Aukukero Tairi
|
0-0: Ball 1-0: Ball 2-0: Swinging Strike 2-1: Foul Ball, location: 2F 2-2: Ball 3-2: Base on Balls
|
Batting: RHB Miguel Villanueva
|
0-0: Foul Ball, location: 2F 0-1: Called Strike Aukukero Tairi is caught stealing 2nd base 2-4 0-2: Ball 1-2: Foul Ball, location: 2F 1-2: Hit by Pitch
|
Batting: RHB Tony Gallegos
|
0-0: Called Strike Miguel Villanueva is caught stealing 2nd base 2-4
|
Bottom of the 3rd over - 0 runs, 0 hits, 0 errors, 0 left on base; Cleveland (APP) 4 - Boston (APP) 3 |
TOP OF THE 4TH |
Cleveland (APP) Indians batting - Pitching for Boston (APP) Red Sox : RHP Su-wu Yang
|
Batting: RHB John Bianconi
|
0-0: Ball 1-0: Called Strike 1-1: Ball 2-1: Ground out 6-3 (Groundball, 6S, EV 80.6 MPH)
|
Batting: LHB Danny Moreno
|
0-0: Ball 1-0: Ball 2-0: Ball 3-0: Base on Balls
|
Batting: RHB Anibal Casteles
|
0-0: Foul Ball, location: 2F 0-1: Ball 1-1: Ball Pickoff Throw to First - Out! 1-3 2-1: Ball 3-1: Swinging Strike 3-2: Base on Balls
|
Batting: LHB Esteban Cordova
|
0-0: Called Strike 0-1: Hit by Pitch Anibal Casteles to second
|
Batting: SHB Javon Mitchell
|
0-0: Ball 1-0: Called Strike 1-1: Hit by Pitch Anibal Casteles to third Esteban Cordova to second
|
Batting: RHB Kenzo Shinoda
|
0-0: Called Strike 0-1: Ball 1-1: Foul Ball, location: 2F 1-2: Ball 2-2: Strikes out swinging
|
Top of the 4th over - 0 runs, 0 hits, 0 errors, 3 left on base; Cleveland (APP) 4 - Boston (APP) 3 |
BOTTOM OF THE 4TH |
Boston (APP) Red Sox batting - Pitching for Cleveland (APP) Indians : RHP Tom Frost
|
Batting: RHB Tony Gallegos
|
0-0: Ground out 1-3 (Groundball, 13S, EV 73.8 MPH)
|
Batting: RHB Mario Arriero
|
0-0: Ground out 6-3 (Groundball, 6, EV 101.9 MPH)
|
Batting: RHB Tony Nunez
|
0-0: Called Strike 0-1: Ball 1-1: Ball 2-1: TRIPLE (Groundball, 3L, EV 95.0 MPH)
|
Batting: SHB Salvador Padilla
|
0-0: Called Strike 0-1: Ground out U3 (Groundball, 3L, EV 84.4 MPH)
|
Bottom of the 4th over - 0 runs, 1 hit, 0 errors, 1 left on base; Cleveland (APP) 4 - Boston (APP) 3 |
TOP OF THE 5TH |
Cleveland (APP) Indians batting - Pitching for Boston (APP) Red Sox : RHP Su-wu Yang
|
Batting: RHB Steve Gusman
|
0-0: Ball 1-0: Called Strike 1-1: Ball 2-1: TRIPLE (Line Drive, 78XD, EV 104.4 MPH)
|
Pitching: RHP Josiah Russell
|
|
Batting: LHB Dave Key
|
0-0: Ball 1-0: Ball 2-0: Called Strike 2-1: Ball 3-1: Ground out 6-3 (Groundball, 6, EV 101.2 MPH) Steve Gusman scores
|
Batting: LHB Jeff Palmowski
|
0-0: Ball 1-0: Ball 2-0: Ball 3-0: Base on Balls
|
Batting: RHB John Bianconi
|
0-0: Ball 1-0: Ball 2-0: Called Strike 2-1: Grounds into double play, 6-4-3 (Groundball, 6, EV 109.4 MPH)
|
Top of the 5th over - 1 run, 1 hit, 0 errors, 0 left on base; Cleveland (APP) 5 - Boston (APP) 3 |
BOTTOM OF THE 5TH |
Boston (APP) Red Sox batting - Pitching for Cleveland (APP) Indians : RHP Tom Frost
|
Batting: LHB Carlos Guerra
|
0-0: Called Strike 0-1: Ball 1-1: Swinging Strike 1-2: Strikes out swinging
|
Batting: RHB Dave Burwell
|
0-0: Ball 1-0: Ball 2-0: Foul Ball, location: 2F 2-1: Ball 3-1: Base on Balls
|
Batting: RHB Alex Melendez
|
0-0: Ball Wild Pitch! Dave Burwell to second 1-0: Ball 2-0: Ball 3-0: Base on Balls
|
Batting: RHB Aukukero Tairi
|
0-0: Fly out, F9 (Flyball, 9D, EV 93.8 MPH) Runner from 2nd tags up, SAFE at 3rd, no throw by RF
|
Batting: RHB Miguel Villanueva
|
0-0: Foul Ball, location: 2F 0-1: Foul Ball, location: 2F 0-2: Foul Ball, location: 2F 0-2: Ball Wild Pitch! Dave Burwell scores Alex Melendez to second 1-2: Hit by Pitch
|
Pitching: RHP Ricardo Torres
|
|
Batting: RHB Tony Gallegos
|
0-0: Called Strike 0-1: Ball 1-1: Called Strike 1-2: 3-RUN HOME RUN (Line Drive, 78XD, EV 115.6 MPH), Distance : 427 ft
|
Batting: RHB Mario Arriero
|
0-0: Ball 1-0: Ball 2-0: Called Strike 2-1: Ball 3-1: Called Strike 3-2: SINGLE (Line Drive, 9, EV 90.6 MPH)
|
Batting: RHB Tony Nunez
|
0-0: Foul Ball, location: 2F 0-1: Called Strike 0-2: Ball 1-2: Ball 2-2: Foul Ball, location: 2F 2-2: Fly out, F7 (Flyball, 78XD, EV 93.8 MPH)
|
Bottom of the 5th over - 4 runs, 2 hits, 0 errors, 1 left on base; Cleveland (APP) 5 - Boston (APP) 7 |
TOP OF THE 6TH |
Cleveland (APP) Indians batting - Pitching for Boston (APP) Red Sox : RHP Josiah Russell
|
Batting: LHB Danny Moreno
|
0-0: Ball 1-0: Foul Ball, location: 2F 1-1: Foul Ball, location: 2F 1-2: SOLO HOME RUN (Flyball, 9D, EV 98.1 MPH), Distance : 372 ft
|
Batting: RHB Anibal Casteles
|
0-0: Ball 1-0: Ball 2-0: Ball 3-0: Called Strike 3-1: SINGLE (Groundball, 25, EV 69.4 MPH) (infield hit)
|
Batting: LHB Esteban Cordova
|
0-0: Foul Ball, location: 2F 0-1: Swinging Strike 0-2: Strikes out looking
|
Batting: SHB Javon Mitchell
|
0-0: Called Strike 0-1: DOUBLE (Flyball, 8RXD, EV 104.4 MPH) Anibal Casteles to third
|
Pinch Hitting: SHB Travis Burnett
|
0-0: Ball 1-0: Swinging Strike 1-1: Reached on error, E2 (Groundball, 15S, EV 65.0 MPH) Anibal Casteles scores Javon Mitchell to third
|
Batting: RHB Steve Gusman
|
0-0: Called Strike Travis Burnett steals 2nd base 0-1: Fly out, F6 (Line Drive, 56, EV 70.0 MPH)
|
Batting: LHB Dave Key
|
0-0: Called Strike 0-1: Ground out 1-3 (Groundball, 23, EV 68.8 MPH)
|
Top of the 6th over - 2 runs, 3 hits, 1 error, 2 left on base; Cleveland (APP) 7 - Boston (APP) 7 |
BOTTOM OF THE 6TH |
Boston (APP) Red Sox batting - Pitching for Cleveland (APP) Indians : RHP Ricardo Torres
|
Now in LF: Travis Burnett
|
|
Now in CF: Steve Gusman
|
|
Batting: SHB Salvador Padilla
|
0-0: Ball 1-0: Foul Ball, location: 2F 1-1: Fly out, F7 (Flyball, 78S, EV 83.1 MPH)
|
Batting: LHB Carlos Guerra
|
0-0: Called Strike 0-1: Ball 1-1: Ball 2-1: Ball 3-1: Base on Balls
|
Pitching: LHP Enrique Espinoza
|
|
Batting: RHB Dave Burwell
|
0-0: Ball 1-0: Ball 2-0: Ball 3-0: Called Strike 3-1: Fielders Choice at 2nd, 5-4 (Groundball, 56S, EV 90.6 MPH)
|
Batting: RHB Alex Melendez
|
0-0: DOUBLE (Flyball, 78D, EV 103.8 MPH) Dave Burwell to third Runner from 3rd tries for Home, SAFE, no throw by CF
|
Batting: RHB Aukukero Tairi
|
0-0: Ball 1-0: Ground out 1-3 (Groundball, 13S, EV 64.4 MPH)
|
Bottom of the 6th over - 1 run, 1 hit, 0 errors, 1 left on base; Cleveland (APP) 7 - Boston (APP) 8 |
TOP OF THE 7TH |
Cleveland (APP) Indians batting - Pitching for Boston (APP) Red Sox : RHP Josiah Russell
|
Pitching: LHP Anton Lara
|
|
Batting: LHB Jeff Palmowski
|
0-0: Ball 1-0: SOLO HOME RUN (Flyball, 78XD, EV 110.6 MPH), Distance : 414 ft
|
Batting: RHB John Bianconi
|
0-0: Fly out, F7 (Line Drive, 7S, EV 100.6 MPH)
|
Batting: LHB Danny Moreno
|
0-0: Foul Ball, location: 2F 0-1: SOLO HOME RUN (Flyball, 89XD, EV 101.9 MPH), Distance : 414 ft
|
Batting: RHB Anibal Casteles
|
0-0: Swinging Strike 0-1: Ball 1-1: Foul Ball, location: 2F 1-2: Ball 2-2: Ball 3-2: Base on Balls
|
Batting: RHB Ricky Butts
|
0-0: Fly out, F9 (Flyball, 89D, EV 100.0 MPH)
|
Batting: SHB Javon Mitchell
|
0-0: Ball 1-0: Ball 2-0: Ball 3-0: Base on Balls Anibal Casteles to second
|
Batting: SHB Travis Burnett
|
0-0: Called Strike 0-1: Ball Wild Pitch! Anibal Casteles to third Javon Mitchell to second 1-1: Foul Ball, location: 2F 1-2: Ball 2-2: Ball 3-2: Ground out U3 (Groundball, 34S, EV 84.4 MPH)
|
Top of the 7th over - 2 runs, 2 hits, 0 errors, 2 left on base; Cleveland (APP) 9 - Boston (APP) 8 |
BOTTOM OF THE 7TH |
Boston (APP) Red Sox batting - Pitching for Cleveland (APP) Indians : LHP Enrique Espinoza
|
Now in LF: Shane Montalvo
|
|
Now in RF: Travis Burnett
|
|
Batting: RHB Miguel Villanueva
|
0-0: Called Strike 0-1: Ball 1-1: Called Strike 1-2: Fly out, F7 (Flyball, 7LM, EV 94.4 MPH)
|
Batting: RHB Tony Gallegos
|
0-0: Ball 1-0: Foul Ball, location: 2F 1-1: Ball 2-1: Ball 3-1: Base on Balls
|
Batting: RHB Mario Arriero
|
0-0: Fly out, F8 (Flyball, 8LXD, EV 104.4 MPH)
|
Batting: RHB Tony Nunez
|
0-0: Ball 1-0: Ball 2-0: Called Strike 2-1: Foul Ball, location: 2F 2-2: Ball 3-2: Foul Ball, location: 2F 3-2: Foul Ball, location: 2F 3-2: Foul Ball, location: 2F 3-2: Foul Ball, location: 2F 3-2: Strikes out swinging
|
Bottom of the 7th over - 0 runs, 0 hits, 0 errors, 1 left on base; Cleveland (APP) 9 - Boston (APP) 8 |
TOP OF THE 8TH |
Cleveland (APP) Indians batting - Pitching for Boston (APP) Red Sox : LHP Anton Lara
|
Batting: RHB Steve Gusman
|
0-0: Ball 1-0: Called Strike 1-1: Swinging Strike 1-2: Ball 2-2: Strikes out swinging
|
Batting: LHB Dave Key
|
0-0: Ball 1-0: Ball 2-0: Ball 3-0: Called Strike 3-1: Ground out 4-3 (Groundball, 4, EV 83.8 MPH)
|
Batting: LHB Shane Montalvo
|
0-0: Called Strike 0-1: Ball 1-1: Ball 2-1: Ground out 5-3 (Groundball, 5, EV 97.5 MPH)
|
Top of the 8th over - 0 runs, 0 hits, 0 errors, 0 left on base; Cleveland (APP) 9 - Boston (APP) 8 |
BOTTOM OF THE 8TH |
Boston (APP) Red Sox batting - Pitching for Cleveland (APP) Indians : LHP Enrique Espinoza
|
Pitching: RHP Yann Jarry
|
|
Batting: SHB Salvador Padilla
|
0-0: Ball 1-0: Called Strike 1-1: Ball 2-1: SINGLE (Groundball, 56S, EV 66.2 MPH) (infield hit)
|
Batting: LHB Carlos Guerra
|
0-0: SINGLE (Line Drive, 89S, EV 100.0 MPH) Salvador Padilla to second Runner from 2nd tries for 3rd, SAFE, throw by RF made to third
|
Batting: RHB Dave Burwell
|
0-0: Called Strike 0-1: Ball Wild Pitch! Salvador Padilla scores Carlos Guerra to second 1-1: Fly out, F8 (Flyball, 8LD, EV 90.6 MPH)
|
Batting: RHB Alex Melendez
|
0-0: Foul Ball, location: 2F 0-1: Ball 1-1: Ball 2-1: Ball 3-1: Foul Ball, location: 2F 3-2: Fly out, F8 (Flyball, 8LM, EV 90.0 MPH)
|
Batting: RHB Aukukero Tairi
|
0-0: Foul Ball, location: 2F 0-1: Foul Ball, location: 2F 0-2: Ball 1-2: Ball 2-2: Ball 3-2: Strikes out swinging
|
Bottom of the 8th over - 1 run, 2 hits, 0 errors, 1 left on base; Cleveland (APP) 9 - Boston (APP) 9 |
TOP OF THE 9TH |
Cleveland (APP) Indians batting - Pitching for Boston (APP) Red Sox : LHP Anton Lara
|
Batting: RHB John Bianconi
|
0-0: TRIPLE (Line Drive, 89XD, EV 113.1 MPH)
|
Pitching: RHP Chris Cory
|
|
Batting: LHB Danny Moreno
|
0-0: Ball 1-0: Ball 2-0: Ball 3-0: Called Strike 3-1: Called Strike 3-2: Base on Balls
|
Pinch Hitting: LHB Rich Walker
|
0-0: Called Strike 0-1: Called Strike 0-2: Ball Passed Ball! John Bianconi scores Danny Moreno to second 1-2: Fly out, F7 (Line Drive, 78D, EV 103.1 MPH)
|
Batting: RHB Ricky Butts
|
0-0: Ball 1-0: Called Strike 1-1: Called Strike 1-2: Foul Ball, location: 2F 1-2: Ground out 6-3 (Groundball, 56, EV 88.8 MPH)
|
Batting: SHB Javon Mitchell
|
0-0: Ball 1-0: Ball Passed Ball! Danny Moreno to third 2-0: Ball 3-0: Base on Balls
|
Batting: SHB Travis Burnett
|
0-0: Ball 1-0: Called Strike 1-1: DOUBLE (Line Drive, 8RXD, EV 100.6 MPH) Danny Moreno scores Javon Mitchell to third Runner from 3rd tries for Home, SAFE, no throw by CF
|
Batting: RHB Steve Gusman
|
0-0: Called Strike 0-1: Ground out 6-3 (Groundball, 6, EV 105.0 MPH)
|
Top of the 9th over - 3 runs, 2 hits, 0 errors, 1 left on base; Cleveland (APP) 12 - Boston (APP) 9 |
BOTTOM OF THE 9TH |
Boston (APP) Red Sox batting - Pitching for Cleveland (APP) Indians : RHP Yann Jarry
|
Now at C: Rich Walker
|
|
Batting: RHB Miguel Villanueva
|
0-0: Ball 1-0: Foul Ball, location: 2F 1-1: Ball 2-1: Foul Ball, location: 2F 2-2: Ball 3-2: Foul Ball, location: 2F 3-2: Fly out, F7 (Line Drive, 78M, EV 90.6 MPH)
|
Pitching: RHP Roberto Lamadrid
|
|
Batting: RHB Tony Gallegos
|
0-0: Ball 1-0: Ball 2-0: Ball 3-0: Base on Balls
|
Batting: RHB Mario Arriero
|
0-0: Called Strike 0-1: Fly out, F9 (Line Drive, 9, EV 95.0 MPH)
|
Batting: RHB Tony Nunez
|
0-0: Ball 1-0: Ball 2-0: Called Strike 2-1: Foul Ball, location: 2F 2-2: Foul Ball, location: 2F 2-2: DOUBLE (Line Drive, 3D, EV 100.0 MPH) Tony Gallegos to third
|
Batting: SHB Salvador Padilla
|
0-0: Ball 1-0: Reached on error, E5 (Groundball, 56S, EV 71.9 MPH) Tony Gallegos scores Tony Nunez to third
|
Batting: LHB Carlos Guerra
|
0-0: Ball 1-0: Foul Ball, location: 2F 1-1: Ball 2-1: Called Strike 2-2: Foul Ball, location: 2F 2-2: Foul Ball, location: 2F 2-2: Foul Ball, location: 2F 2-2: Ball 3-2: Foul Ball, location: 2F 3-2: Ground out 4-3 (Groundball, 34D, EV 88.8 MPH)
|
Bottom of the 9th over - 1 run, 1 hit, 1 error, 2 left on base; Cleveland (APP) 12 - Boston (APP) 10 |
|